cohdb
Replays
Latest Replays
All Replays
Popular Replays
Top Player Replays
Match Explorer
How It Works
Community
CoH3 Stats
Reddit
Sign in to upload your games and track your stats! →
Sign in with Steam
Match 39977149
Unlisted
Match 39977149
Overview
Messages
Build Orders
End
Kettenkrad Recon Vehicle
Selects Italian Coastal Battlegroup
Selects Coastal Reserves
Coastal Reserve
Coastal Reserve
Coastal Reserve
Coastal Reserve
Medical Station
Selects Artillery Officer
Construct Infanterie Kompanie
Artillery Officer
Construct Luftwaffe Kompanie
Selects Support Bunkers
221 Scout Car
Selects Designated Artillery Overwatch
Artillery Officer
Selects Obice da 210/22 Artillery Emplacement
Medical Bunker
MG 42 Bunker
Construct Panzer Kompanie
Selects Designated Artillery Overwatch
Selects Call the Reserves!
Sauzer88
[LoB]Fagio
Andreuz
HiberniaScholar
JohnBPKC
Short Stack
0
0
Comments
sign in to comment!
No comments posted yet!